 Dungeon Crawl Stone Soup version 0.29.1-4-g47bece8355 (webtiles) character file.

Game seed: 15947395297858194702

189628 croobank the Fighter (level 17, -7/123 HPs)
             Began as a Demonspawn Conjurer on Dec 6, 2022.
             Was an Initiate of Gozag.
             Shot with an arrow by a deep elf archer (12 damage)
             ... on level 1 of the Elven Halls on Dec 7, 2022.
             The game lasted 04:09:01 (44300 turns).

croobank the Fighter (Demonspawn Conjurer)         Turns: 44300, Time: 04:09:02

Health: -7/123     AC:  5    Str: 22    XL:     17   Next: 51%
Magic:  34/46      EV: 17    Int: 32    God:    Gozag
Gold:   7679       SH:  6    Dex: 13    Spells: 8/41 levels left

rFire   + + .      SeeInvis +   M - +8 flail "Potanef" {freeze, MP+9}
rCold   + . .      Faith    +   Y - +3 buckler {reflect}
rNeg    . . .      Spirit   .   S - +1 robe of Vines {NoPotionHeal Regen++++}
rPois   +          Reflect  +   m - +2 hat {SInv}
rElec   +          Harm     .   t - scarf {rC+ rF+}
rCorr   .          Rampage  .   o - +2 pair of gloves of the Carpenter {rElec rF+ Dex+4}
Will    +....                   (boots unavailable)
Stlth   ++++......              T - amulet of Gitwov {Faith rPois Str+6}
HPRegen 3.50/turn               i - +6 ring of strength
MPRegen 0.30/turn               d - +6 ring of intelligence

@: mighty, brilliant, corroded, gold aura
A: hooves 3, demonic guardian 2, ignite blood 2, sharp scales 2, clumsy 1,
deformed body, frail 1, high MP 1
}: 1/15 runes: serpentine
a: Renounce Religion, Potion Petition, Call Merchant, Bribe Branch


You were on level 1 of the Elven Halls.
You worshipped Gozag.
Gozag was greatly pleased with you.
You visited 6 branches of the dungeon, and saw 28 of its levels.
You visited the Abyss 1 time.
You also visited: Sewer.

You collected 12505 gold pieces.
You spent 2852 gold pieces at shops.
You paid 1974 gold pieces to Gozag.

Inventory:

Hand Weapons
 a - a +2 dagger of flaming
 C - a +0 broad axe of venom
 M - the +8 flail "Potanef" (weapon) {freeze, MP+9}
   (You bought it in a shop on level 2 of the Orcish Mines)

   It freezes those it strikes, dealing additional cold damage.
   It can also slow down cold-blooded creatures.
   MP:        It affects your magic capacity (+9).
 Q - the +8 mace of Defilement {antimagic, Int+4}
   (You found it on level 7 of the Dungeon)

   It reduces the magical energy of the wielder, and disrupts the spells and
   magical abilities of those it strikes.
   Natural abilities and divine invocations are not affected.
   Int:       It affects your intelligence (+4).
 X - a +4 scimitar of flaming
Missiles
 x - 6 curare-tipped darts (quivered)
 P - 2 throwing nets
Armour
 m - a +2 hat of see invisible (worn)
 o - the +2 pair of gloves of the Carpenter (worn) {rElec rF+ Dex+4}
   (You found it on level 1 of the Lair of Beasts)

   Dex:       It affects your dexterity (+4).
   rF:        It protects you from fire.
   rElec:     It insulates you from electricity.
 t - a scarf of resistance (worn)
 S - the +1 robe of Vines (worn) {NoPotionHeal Regen++++}
   (You found it on level 7 of the Dungeon)

   Its wearer cannot be healed by potions.
   Regen:     It increases your rate of health regeneration.
 Y - a +3 buckler of reflection (worn)
Jewellery
 b - a +6 ring of dexterity
 d - a +6 ring of intelligence (right hand)
 i - a +6 ring of strength (left hand)
 j - a ring of positive energy
 y - a ring of willpower
 A - an amulet of regeneration
 K - the ring of Suakhlott {rF+ rCorr}
   (You acquired it on level 4 of the Lair of Beasts)

   [ring of resist corrosion]

   rF:        It protects you from fire.
   rCorr:     It protects you from acid and corrosion.
 O - a +6 ring of dexterity
 T - the amulet of Gitwov (around neck) {Faith rPois Str+6}
   (You bought it in a shop on level 12 of the Dungeon)

   [amulet of faith]

   It allows you to gain divine favour quickly.
   Str:       It affects your strength (+6).
   rPois:     It protects you from poison.
Wands
 q - a wand of roots (25)
 s - a wand of mindburst (8)
 E - a wand of flame (34)
 U - a wand of charming (24)
Scrolls
 c - 10 scrolls of teleportation
 p - 8 scrolls of butterflies
 r - 2 scrolls of fear
 w - 6 scrolls of vulnerability
 z - a scroll of blinking
 G - a scroll of poison
 L - a scroll of brand weapon
 W - 3 scrolls of amnesia
 Z - 2 scrolls of identify
Potions
 e - 2 potions of resistance
 f - 4 potions of attraction
 g - 7 potions of lignification
 h - 3 potions of haste
 k - 8 potions of might
 l - 10 potions of heal wounds
 n - 10 potions of curing
 u - 3 potions of invisibility
 v - 5 potions of mutation
 B - a potion of magic
 D - a potion of cancellation
 F - a potion of berserk rage
 H - 3 potions of flight
 I - 5 potions of brilliance
 R - a potion of ambrosia
Miscellaneous
 N - a phial of floods
 V - a lightning rod (4/4)


   Skills:
 + Level 13.5 Fighting
 - Level 4.2(5.8) Axes
 + Level 6.0(6.7) Maces & Flails
 + Level 12.8 Dodging
 - Level 10.4 Stealth
 + Level 12.9 Spellcasting
 - Level 12.7 Conjurations
 - Level 5.0 Hexes
 + Level 2.3 Translocations
 - Level 5.0 Transmutations
 + Level 5.8 Ice Magic
 - Level 5.0 Air Magic
 - Level 9.4 Poison Magic


You had 8 spell levels left.
You knew the following spells:

 Your Spells              Type           Power      Damage    Failure   Level
a - Magic Dart            Conj           100%       1d8       0%          1
b - Searing Ray           Conj           100%       2d8       1%          2
c - Dazzling Flash        Conj/Hex       100%       N/A       1%          3
d - Mephitic Cloud        Conj/Pois/Air  87%        N/A       1%          3
e - Ignite Poison         Fire/Tmut/Pois 67%        N/A       1%          3
f - Iskenderun's Mystic   Conj/Tloc      80%        2d16      1%          4
g - Olgreb's Toxic Radia  Pois           88%        N/A       1%          4
h - Swiftness             Air            68%        N/A       1%          3
i - Freezing Cloud        Conj/Ice/Air   41%        6-21      3%          5
j - Yara's Violent Unrav  Hex/Tmut       34%        3d14      11%         5

Your spell library contained the following spells:

 Spells                   Type           Power      Damage    Failure   Level
 Ensorcelled Hibernation  Hex/Ice        100%       N/A       1%          2
 Passwall                 Tmut/Erth      44%        N/A       1%          2
 Static Discharge         Conj/Air       86%        3-14/arc  1%          2
 Confusing Touch          Hex            68%        N/A       1%          3
 Portal Projectile        Hex/Tloc       100%       N/A       1%          3
 Fulminant Prism          Conj/Hex       43%        3d20      1%          4
 Iskenderun's Battlesphe  Conj           100%       2d15      1%          5
 Lightning Bolt           Conj/Air       43%        1d62      2%          5
 Cause Fear               Hex            34%        N/A       4%          4
 Fireball                 Conj/Fire      37%        3d15      6%          5
 Call Canine Familiar     Summ           31%        N/A       10%         3
 Anguish                  Hex/Necr       26%        N/A       11%         4
 Leda's Liquefaction      Hex/Erth       26%        N/A       11%         4
 Conjure Ball Lightning   Conj/Air       43%        3x3d15    12%         6
 Orb of Destruction       Conj           50%        9d13      14%         7
 Animate Armour           Summ/Erth      62%        N/A       30%         4
 Starburst                Conj/Fire      37%        6d11      34%         6
 Ozocubu's Refrigeration  Ice            36%        4d15      94%         7
 Dragon Form              Tmut           34%        N/A       98%         7
 Enfeeble                 Hex            34%        N/A       98%         7
 Ignition                 Fire           15%        3d6       100%        8
 Maxwell's Capacitive Co  Air            34%        ∞         100%        8
 Dragon's Call            Summ           15%        N/A       100%        9
 Animate Dead             Necr           Unusable   N/A       N/A         4

Dungeon Overview and Level Annotations

Branches:
Dungeon (15/15)            Temple (1/1) D:5            Lair (5/5) D:11
 Shoals (0/4) Lair:2        Snake (4/4) Lair:3        Slime (0/5) Lair:5
    Orc (2/2) D:9             Elf (1/3) Orc:2        Vaults (0/5) D:13
 Depths (0/4) D:15          Sewer (visited)

Altars:
Ashenzari
Cheibriados
Dithmenos
Fedhas
Gozag
Hepliaklqana
Kikubaaqudgha
Nemelex Xobeh
Okawaru
Qazlal
Ru
Sif Muna
Trog
Uskayaw
Vehumet
Wu Jian
Xom
Yredelemnul
Lugonu

Shops:
D:9 (   D:12 (=   Orc:2 (([(   Snake:2 =:=   Snake:3 !

Portals:
Abyss: Lair:5
Trove: D:10 (give +5 ice dragon scales)

Annotations:
Snake:1 2 transporters, Doemub's ghost, journeyman FeSu


Innate Abilities, Weirdness & Mutations

You have hooves in place of feet.
A demonic guardian rushes to your aid.
Your demonic aura often causes spilled blood to erupt in flames.
You are mostly covered in razor-sharp scales. (AC +2, Slay +2)
You are clumsy. (Dex -2)
Armour fits poorly on your strangely shaped body.
You are frail. (-10% HP)
You have an increased reservoir of magic. (+10% MP)


Message History

Your demonic guardian avoids your attack.
The mystic blast hits the deep elf sorcerer!
The deep elf sorcerer is heavily wounded.
The deep elf sorcerer is knocked back by the mystic blast.
The deep elf sorcerer collides with your soul eater!
Your soul eater is heavily wounded.
The deep elf sorcerer is severely wounded.
The mystic blast hits the deep elf zephyrmancer!
You kill the deep elf zephyrmancer!
The mystic blast hits the deep elf archer!
The deep elf archer is almost dead.
The deep elf archer is knocked back by the mystic blast.
The deep elf archer is no longer distracted by gold.
The deep elf sorcerer is engulfed in blazing flames.
The deep elf sorcerer gestures at you while chanting.
The bolt of acid hits you!! The acid corrodes you!
Your soul eater hits the deep elf sorcerer!
You closely miss the deep elf sorcerer.
The deep elf sorcerer is almost dead.
The deep elf sorcerer is engulfed in blazing flames.
You kill the deep elf sorcerer!
The deep elf archer shoots an arrow.
The arrow hits your soul eater!!
Your soul eater dies!
Your soul eater disappears in a puff of smoke!
The deep elf archer unwields a +0 short sword.
The deep elf archer wields a +0 shortbow.
The deep elf archer shoots an arrow.
The arrow closely misses you.
The ghostly deep elf archer shoots an arrow.
The arrow hits you!!
* * * LOW HITPOINT WARNING * * *
The deep elf archer unwields a +0 dagger.
The deep elf archer wields a +0 shortbow.
The deep elf archer shoots an arrow.
The arrow hits you!!
* * * LOW HITPOINT WARNING * * *
Blink to where?
Press: ? - help, Dir - move target
As you read the scroll of blinking, it crumbles to dust.
The deep elf archer shoots an arrow.
The arrow hits you!
You die...
Your body crumbles into a pile of gold.

#.# ###'###
#.....# +..♣..#
##...## #...# #
##.'## 8###
#.#.## .....
####@####......
##$.§○.e....
##○°..#8###
#..§$.#
#..ee.e.#
#.......#
##.>$..##
+.....+ ###+###


You could see 3 deep elf archers and a ghostly deep elf archer (repels
missiles).

Vanquished Creatures
  Rupert (Lair:5)
  2 Executioners (Abyss:2)
  Gastronok (D:9)
  5 nagarajas
  A deep elf sorcerer (Elf:1)
  An orc warlord (Orc:2)
  Aizul (Snake:3)
  An ironbound preserver (D:13)
  A very ugly thing (Abyss:2)
  Josephine (Orc:2)
  A fire dragon (D:15)
  A deep elf death mage (Elf:1)
  An ice dragon (Lair:2)
  Erolcha (D:12)
  8 hydras
  2 ogre magi
  A salamander tyrant (Snake:4)
  3 catoblepae
  3 boulder beetles
  9 naga warriors
  6 centaur warriors
  6 two-headed ogres
  5 anacondas
  14 naga sharpshooters
  A dancing weapon (Elf:1)
  6 shock serpents
  A tengu warrior (D:12)
  3 orc high priests (Orc:2)
  4 thrashing horrors
  Sonja (Orc:2)
  9 salamander mystics
  2 sixfirhies (Abyss:2)
  A deep elf archer (Elf:1)
  10 naga ritualists
  3 lindwurms
  2 starcursed masses (Abyss:2)
  3 deep elf pyromancers
  A necromancer (D:10)
  A deep elf zephyrmancer (Elf:1)
  5 ugly things
  2 orc knights
  10 mana vipers
  3 orc sorcerers (Orc:2)
  15 salamanders
  A wolf spider (Lair:5)
  A salamander (shapeshifter) (D:14)
  5 elephants
  2 manticores
  5 cyclopes
  13 naga magi
  An apocalypse crab (Abyss:2)
  40 black mambas
  An elephant (shapeshifter) (D:13)
  A guardian serpent (shapeshifter) (D:14)
  5 cane toads
  2 molten gargoyles (Lair:3)
  3 smoke demons
  2 torpor snails (Lair:5)
  A gargoyle (D:13)
  2 unseen horrors
  2 kobold demonologists (D:11)
  2 efreet
  A yaktaur (D:15)
  2 rime drakes
  A freezing wraith (D:15)
  Psyche (D:11)
  10 komodo dragons
  2 tengu conjurers
  13 trolls
  A guardian mummy (D:10)
  3 ancient zymes
  2 hornets
  A queen bee (shapeshifter) (Lair:5)
  3 slime creatures
  A polar bear (Lair:1)
  7 dream sheep
  Grinder (D:4)
  10 blink frogs
  2 tarantellas (shapeshifter)
  A jumping spider (shapeshifter) (D:13)
  3 raiju (Abyss:2)
  A spriggan (Lair:5)
  7 wyverns
  Sigmund (D:6)
  A shadow (D:11)
  7 wraiths
  A ynoxinul (Abyss:2)
  53 yaks
  A wyvern (shapeshifter) (D:14)
  6 basilisks
  A neqoxec (Abyss:2)
  2 steam dragons
  2 fire elementals (Elf:1)
  4 chaos spawn
  8 vampire mosquitoes
  2 acid dragons
  3 wargs
  5 large abominations
  35 nagas
  14 water moccasins
  37 orc warriors
  A sky beast (D:7)
  2 ice beasts
  35 wolves
  A black bear (D:11)
  12 ogres
  8 centaurs
  A phantom (D:4)
  12 small abominations
  3 kobold brigands
  13 bullfrogs
  6 necrophages
  A gnoll sergeant (D:8)
  14 wights
  12 killer bees
  2 electric eels
  4 howler monkeys
  5 lava snakes (Lair:3)
  2 quasits (Abyss:2)
  4 hounds
  6 jellies
  4 gnoll boudas
  25 orc priests
  5 iguanas
  28 orc wizards
  Natasha (twice) (D:2)
  4 hell rats (Lair:5)
  26 gnolls
  6 adders
  A river rat (Sewer)
  A white imp (Abyss:2)
  3 worms
  5 dart slugs
  104 orcs
  A bat (D:1)
  6 endoplasms
  7 giant cockroaches
  10 goblins
  16 hobgoblins
  A jackal (D:1)
  15 kobolds
  8 quokkas
  14 ball pythons
  4 frilled lizards
  6 rats
950 creatures vanquished.

Vanquished Creatures (collateral kills)
  A bone dragon (Abyss:2)
  A spark wasp (shapeshifter) (Lair:5)
  A fire dragon (D:15)
  A boulder beetle (D:14)
  An anaconda (Snake:4)
  A naga warrior (Snake:3)
  A tengu warrior (D:13)
  A shock serpent (Snake:1)
  A sixfirhy (Abyss:2)
  A deep elf zephyrmancer (Elf:1)
  An ugly thing (D:15)
  A mana viper (Snake:1)
  5 salamanders
  3 black mambas
  A centaur skeleton (Abyss:2)
  A freezing wraith (D:15)
  A silent spectre (Abyss:2)
  A slime creature (D:12)
  4 blink frogs (Lair:5)
  An air elemental (Abyss:2)
  A vampire (Abyss:2)
  A yak (D:11)
  A basilisk (Lair:5)
  A naga (Snake:2)
  3 small abominations
  An orc warrior (Orc:2)
  2 orc priests (Orc:1)
  2 orc wizards
  An ufetubus (Abyss:2)
  An orc (Orc:1)
43 creatures vanquished.

Vanquished Creatures (others)
  A deep elf pyromancer (D:13)
  A salamander (Snake:2)
  A water elemental (Elf:1)
  An orc wizard (D:11)
  26 fungi
  59 plants
  3 toadstools (D:1)
92 creatures vanquished.

Grand Total: 1085 creatures vanquished

Notes
Turn   | Place    | Note
-------+----------+-------------------------------------------
     0 | D:1      | croobank the Demonspawn Conjurer began the quest for the
                  | Orb.
     0 | D:1      | Reached XP level 1. HP: 13/13 MP: 3/3
   612 | D:1      | Found a faded altar of an unknown god.
   641 | D:1      | Gained mutation: Your demonic aura sometimes causes spilled
                  | blood to erupt in flames. [demonic ancestry]
   641 | D:1      | Reached XP level 2. HP: 19/19 MP: 1/5
   644 | D:1      | Learned a level 2 spell: Searing Ray
  1703 | D:1      | Gained mutation: Your demonic aura often causes spilled
                  | blood to erupt in flames. [demonic ancestry]
  1703 | D:1      | Reached XP level 3. HP: 24/24 MP: 4/6
  1707 | D:1      | Learned a level 3 spell: Dazzling Flash
  2582 | D:2      | Identified the +2 robe of Transparent Joy {rN+++ Will-
                  | Int+7}
  3347 | D:2      | Noticed Natasha
  3352 | D:2      | Killed Natasha
  3353 | D:2      | Gained mutation: You are partially covered in razor-sharp
                  | scales. (AC +1, Slay +1) [demonic ancestry]
  3353 | D:2      | Reached XP level 4. HP: 30/31 MP: 0/7
  3418 | D:2      | Noticed Natasha
  3423 | D:2      | Killed Natasha
  3424 | D:2      | Reached skill level 1 in Fighting
  4016 | D:2      | Reached XP level 5. HP: 37/37 MP: 1/9
  5056 | D:3      | Found a bloodstained altar of Trog.
  5180 | D:3      | Found an ornate altar of the Wu Jian Council.
  5213 | D:4      | Noticed Grinder
  5213 | D:4      | Paralysed by Grinder for 2 turns
  5302 | D:4      | Killed Grinder
  5303 | D:4      | Reached skill level 2 in Fighting
  5303 | D:4      | Reached skill level 5 in Conjurations
  5303 | D:4      | Reached XP level 6. HP: 46/46 MP: 6/11
  6183 | D:4      | Gained mutation: You are mostly covered in razor-sharp
                  | scales. (AC +2, Slay +2) [demonic ancestry]
  6183 | D:4      | Reached XP level 7. HP: 51/51 MP: 6/12
  6403 | D:4      | Found a shimmering altar of Xom.
  6405 | D:4      | Found a snail-covered altar of Cheibriados.
  6405 | D:4      | Found a broken altar of Ashenzari.
  6407 | D:4      | Found a sparkling altar of Nemelex Xobeh.
  6407 | D:4      | Found a blossoming altar of Fedhas.
  6407 | D:4      | Found a shimmering blue altar of Sif Muna.
  6448 | D:4      | Reached skill level 3 in Fighting
  6904 | D:5      | Entered Level 5 of the Dungeon
  7197 | D:5      | Reached skill level 1 in Poison Magic
  7274 | D:5      | Found a staircase to the Ecumenical Temple.
  7282 | Temple   | Entered the Ecumenical Temple
  7291 | Temple   | Became a worshipper of Gozag Ym Sagoz the Greedy
  7361 | D:5      | Got the Compendium of Slime
  7381 | D:5      | Found a glowing drain.
  7393 | Sewer    | Entered a sewer
  7472 | Sewer    | Learned a level 3 spell: Mephitic Cloud
  7843 | Sewer    | Reached XP level 8. HP: 58/58 MP: 7/14
  7890 | Sewer    | Found a shimmering altar of Xom.
  8221 | D:5      | Found a radiant altar of Vehumet.
  8223 | D:5      | Found a shadowy altar of Dithmenos.
  9275 | D:6      | Reached skill level 4 in Fighting
  9376 | D:6      | Found a hide-covered altar of Uskayaw.
  9626 | D:6      | Noticed Sigmund
  9633 | D:6      | Killed Sigmund
  9634 | D:6      | Reached skill level 5 in Stealth
  9640 | D:6      | Found an ancient bone altar of Kikubaaqudgha.
  9889 | D:6      | Reached skill level 5 in Spellcasting
 10033 | D:6      | Gained mutation: You have large cloven feet. [demonic
                  | ancestry]
 10033 | D:6      | Reached XP level 9. HP: 61/66 MP: 13/16
 10400 | D:7      | Reached skill level 5 in Dodging
 10975 | D:7      | Reached skill level 5 in Fighting
 11214 | D:7      | Identified the +8 mace of Defilement {antimagic, Int+4}
 11240 | D:7      | Noticed a troll
 11240 | D:7      | Noticed a troll
 11240 | D:7      | Found the +1 robe of Vines {NoPotionHeal Regen++++}
 11326 | D:7      | Learned a level 3 spell: Ignite Poison
 11331 | D:7      | Learned a level 4 spell: Iskenderun's Mystic Blast
 11334 | D:7      | Noticed an eight-headed hydra
 11352 | D:7      | Killed an eight-headed hydra
 11358 | D:7      | Killed a troll
 11499 | D:7      | Killed a troll
 12194 | D:7      | Gained mutation: You have hoof-like feet. [demonic
                  | ancestry]
 12194 | D:7      | Reached XP level 10. HP: 65/76 MP: 4/19
 13734 | D:8      | Reached skill level 5 in Poison Magic
 13749 | D:8      | Reached skill level 6 in Fighting
 13867 | D:8      | Found a broken altar of Ashenzari.
 14873 | D:9      | Noticed Gastronok
 14898 | D:9      | Killed Gastronok
 15438 | D:9      | Reached XP level 11. HP: 83/83 MP: 13/21
 15944 | D:9      | Found a staircase to the Orcish Mines.
 15947 | D:9      | Found Qeafolur's Weapon Emporium.
 16423 | D:9      | Reached skill level 7 in Fighting
 16737 | D:10     | Entered Level 10 of the Dungeon
 17065 | D:10     | Found a portal to a secret trove of treasure.
 17111 | D:10     | Noticed a two-headed ogre
 17114 | D:10     | Killed a two-headed ogre
 17170 | D:10     | Noticed an orc knight
 17176 | D:10     | Noticed a necromancer
 17178 | D:10     | Killed an orc knight
 17182 | D:10     | Killed a necromancer
 17408 | D:10     | Found a flagged portal.
 18120 | D:10     | Found a blossoming altar of Fedhas.
 18485 | D:11     | Found a staircase to the Lair.
 18498 | D:11     | Reached skill level 8 in Fighting
 18498 | D:11     | Gained mutation: You have hooves in place of feet. [demonic
                  | ancestry]
 18498 | D:11     | Reached XP level 12. HP: 70/92 MP: 2/23
 18581 | D:11     | Noticed Psyche
 18588 | D:11     | Killed Psyche
 18667 | Lair:1   | Entered Level 1 of the Lair of Beasts
 18893 | Lair:1   | Noticed a six-headed hydra
 18922 | Lair:1   | Killed a six-headed hydra
 19455 | Lair:1   | Identified the +2 pair of gloves of the Carpenter {rElec
                  | rF+ Dex+4}
 19862 | Lair:2   | Found a staircase to the Shoals.
 19870 | Lair:2   | Noticed an eight-headed hydra
 19871 | Lair:2   | Noticed a five-headed hydra
 19901 | Lair:2   | Killed an eight-headed hydra
 19903 | Lair:2   | Killed a five-headed hydra
 20333 | Lair:2   | Reached skill level 10 in Conjurations
 20918 | Lair:2   | Noticed an ice dragon
 20931 | Lair:2   | Killed an ice dragon
 20932 | Lair:2   | Reached skill level 9 in Fighting
 21243 | Lair:2   | Identified the +6 glaive of Exhibitionism {vorpal, rC+
                  | Dex+3 SInv}
 21685 | Lair:3   | Found a staircase to the Snake Pit.
 21712 | Lair:3   | Reached XP level 13. HP: 101/101 MP: 14/25
 22529 | Lair:3   | Identified the +4 arbalest "Xaeleq" {penet, Fragile rF-
                  | rCorr Stlth+}
 23056 | Lair:4   | Identified 2 scrolls of acquirement
 23056 | Lair:4   | Acquired 1005 gold pieces
 23058 | Lair:4   | Acquired the ring of Suakhlott {rF+ rCorr}
 23489 | Lair:4   | Reached skill level 10 in Stealth
 24190 | Lair:5   | Entered Level 5 of the Lair of Beasts
 24670 | Lair:5   | Found a staircase to the Slime Pits.
 25669 | Lair:5   | Found an ornate altar of the Wu Jian Council.
 25717 | Lair:5   | Reached skill level 10 in Fighting
 25765 | Lair:5   | Noticed Rupert
 25877 | D:11     | Gained mutation: You have an increased reservoir of magic.
                  | (+10% MP) [a neqoxec]
 26352 | D:11     | Reached skill level 1 in Ice Magic
 26353 | D:11     | Reached skill level 1 in Axes
 26623 | D:11     | Reached skill level 1 in Air Magic
 26623 | D:11     | Gained mutation: A weak demonic guardian rushes to your
                  | aid. [demonic ancestry]
 26623 | D:11     | Reached XP level 14. HP: 110/110 MP: 30/30
 27196 | D:12     | Reached skill level 10 in Spellcasting
 27744 | Orc:1    | Entered Level 1 of the Orcish Mines
 27788 | Orc:1    | Reached skill level 10 in Dodging
 27867 | Orc:2    | Entered Level 2 of the Orcish Mines
 27879 | Orc:2    | Noticed Sonja
 27883 | Orc:2    | Paralysed by an orc sorcerer for 2 turns
 27899 | Orc:2    | Killed Sonja
 28281 | Orc:2    | Noticed Josephine
 28296 | Orc:2    | Killed Josephine
 30757 | Orc:2    | Found Gauczaut's Antique Weapon Emporium.
 30823 | Orc:2    | Noticed an orc warlord
 31116 | Orc:2    | Killed an orc warlord
 31251 | Orc:2    | Found a staircase to the Elven Halls.
 31289 | Orc:2    | Found Athias's Weapon Emporium.
 31299 | Orc:2    | Bought the +8 flail "Potanef" {freeze, MP+9} for 1083 gold
                  | pieces
 31401 | Orc:2    | Found Sag Keyt's Antique Weapon Boutique.
 31431 | Orc:2    | Found Jaff's Antique Armour Shoppe.
 31641 | D:12     | Reached skill level 11 in Fighting
 31797 | D:12     | Found Erchesui's Antique Weapon Shoppe.
 31856 | D:12     | Noticed Erolcha
 31863 | D:12     | Killed Erolcha
 32706 | D:13     | Noticed an ironbound preserver
 32768 | D:12     | Bought the amulet of Gitwov {Faith rPois Str+6} for 1020
                  | gold pieces
 32809 | D:13     | Identified the +0 scale mail of the Breadfruit {-Tele Fly
                  | rN+++ Str+4}
 32944 | D:13     | Killed an ironbound preserver
 32953 | D:13     | Gained mutation: A demonic guardian rushes to your aid.
                  | [demonic ancestry]
 32953 | D:13     | Reached XP level 15. HP: 92/119 MP: 32/32
 33004 | D:13     | Found a gate to the Vaults.
 33538 | D:14     | Identified the +1 robe of the Poles {rF+ rN++ Str-2 Slay-5}
 33858 | D:14     | Found a sparkling altar of Nemelex Xobeh.
 33986 | D:15     | Entered Level 15 of the Dungeon
 34433 | D:15     | Found a staircase to the Depths.
 34545 | D:15     | Found an iron altar of Okawaru.
 35344 | Lair:5   | Killed Rupert
 36112 | Lair:5   | Found a corrupted altar of Lugonu.
 36112 | Lair:5   | Found a one-way gate to the infinite horrors of the Abyss.
 36333 | Lair:3   | Learned a level 4 spell: Olgreb's Toxic Radiance
 36337 | Lair:3   | Learned a level 3 spell: Swiftness
 36343 | Lair:3   | Learned a level 5 spell: Freezing Cloud
 36345 | Snake:1  | Entered Level 1 of the Snake Pit
 36547 | Snake:1  | Found a transporter.
 36584 | Snake:1  | Reached skill level 1 in Hexes
 36584 | Snake:1  | Reached skill level 1 in Transmutations
 36588 | Snake:1  | Reached skill level 1 in Maces & Flails
 36716 | Snake:1  | Reached skill level 12 in Fighting
 37029 | Snake:1  | Learned a level 5 spell: Yara's Violent Unravelling
 37129 | Snake:1  | Noticed Doemub's ghost (journeyman FeSu)
 37139 | Snake:1  | Found a transporter.
 37722 | Snake:2  | Found Hauxt's Jewellery Boutique.
 37722 | Snake:2  | Found Vamuetet's Book Shoppe.
 37723 | Snake:2  | Found Hauliadgh's Jewellery Boutique.
 37740 | Snake:2  | Bought a ring of willpower for 425 gold pieces
 37787 | Snake:2  | Reached XP level 16. HP: 117/127 MP: 18/34
 38099 | Snake:2  | Reached skill level 5 in Air Magic
 38431 | Snake:2  | Reached skill level 5 in Ice Magic
 40710 | Snake:3  | Found Houduess's Distillery.
 40718 | Snake:3  | Bought a potion of haste for 180 gold pieces
 40718 | Snake:3  | Bought a potion of magic for 144 gold pieces
 41206 | Snake:3  | Noticed Aizul
 41229 | Snake:3  | Killed Aizul
 41444 | Snake:4  | Entered Level 4 of the Snake Pit
 42810 | Snake:4  | Reached skill level 5 in Hexes
 42814 | Snake:4  | Reached skill level 13 in Fighting
 42819 | Snake:4  | Reached XP level 17. HP: 129/136 MP: 9/36
 42829 | Snake:4  | Reached skill level 5 in Maces & Flails
 42829 | Snake:4  | Reached skill level 5 in Transmutations
 43241 | Snake:4  | Got a serpentine rune of Zot
 43651 | Elf:1    | Entered Level 1 of the Elven Halls
 43810 | Abyss:2  | Cast into level 2 of the Abyss (a deep elf sorcerer)
 43957 | Abyss:2  | Gained mutation: You are clumsy. (Dex -2) [a neqoxec]
 43959 | Abyss:2  | Gained mutation: Armour fits poorly on your strangely
                  | shaped body. [a neqoxec]
 43960 | Abyss:2  | Gained mutation: You are frail. (-10% HP) [a neqoxec]
 43965 | Abyss:2  | Reached skill level 1 in Translocations
 44153 | Abyss:2  | Noticed a bone dragon
 44217 | Abyss:2  | Noticed a bone dragon
 44254 | Abyss:2  | Killed a bone dragon
 44290 | Elf:1    | Escaped the Abyss
 44299 | Elf:1    | HP: 2/123 [deep elf archer/arrow (21)]
 44300 | Elf:1    | Shot with an arrow by a deep elf archer

Illustrated notes

Levels and vault maps discovered:
D:1:      evilmike_arrival_fibonacci_small, layout_basic,
          ebering_ecumenical_altar_hall, fountainhead, minmay_gold_behind_fungi,
          minmay_vboxes
D:2:      layout_loops_cross, chequers_serial_rivers_micro_a,
          hangedman_decor_clover_reticule, uniq_natasha
D:3:      layout_basic, marbit_many_paths, nzn_wu_jian_council_hall,
          serial_glass, glass_columns_b, glass_columns_a, st_stairs_9,
          kennysheep_doodads
D:4:      layout_basic, doesnt_xom_only_xom, serial_co_window_serial,
          co_window_corner_a, co_window_paths_b, co_window_paths_b,
          co_window_corner_a, co_window_corner_a, co_window_corner_a,
          co_window_paths_a, co_window_paths_b, co_window_corner_a,
          co_window_broadway_b, co_window_corner_b, co_window_broadway_b,
          co_window_2corner, co_window_of_opportunity_c, glass_columns_a,
          glass_columns_c, glass_columns_c, uniq_grinder
D:5:      corexii_shantytown, layout_basic, jmf_multi_god_temple,
          minmay_temple_entry_glassed_door, portal_sewer_entry_d
D:6:      layout_gridville, mainiacjoe_overflow_six_doors_small,
          kiku_gazebo_pond_becter, uniq_sigmund
D:7:      layout_cave_pods, hellmonk_guarded_unrand_vines
D:8:      layout_gridville, nicolae_ashenzari_skybound
D:9:      layout_basic, orc_david_3, uniq_gastronok
D:10:     nzn_winding_woodlands_medium [nzn_winding_woodlands_5x5_open_star,
          nzn_winding_woodlands_5x15_garden, nzn_winding_woodlands_5x5_default,
          nzn_winding_woodlands_5x5_perimeter,
          nzn_winding_woodlands_center_diamonds,
          nzn_winding_woodlands_5x5_closed_star,
          nzn_winding_woodlands_5x5_cross,
          nzn_winding_woodlands_5x15_split_checker,
          nzn_winding_woodlands_hourglass], layout_rooms,
          fedhas_altar_fruit_tree, nicolae_trove_entry_path_of_doom,
          enter_bailey_4, minivault_19
D:11:     minmay_tri_box, layout_small_grid, david_lair_generic,
          kennysheep_generic_room_4, uniq_psyche
D:12:     layout_cave_pools, serial_shops, shop, uniq_erolcha
D:13:     layout_loops_ring, skrybe_vaults_entry_preservation
D:14:     layout_rooms, nemelex_altar_shiori
D:15:     grunt_enter_depths_hoard, layout_loops_ring, basic_altar
Temple:   cyrus_circular_temple
Lair:1:   layout_chaotic_city, serial_bayou, serial_bayou_pond_b,
          serial_bayou_lagoon_b, serial_bayou_lagoon_a, serial_bayou_pond_b
Lair:2:   dragon1_lemuel, layout_misc_corridors, minmay_shoals_entry_centaurs,
          grunt_forest_large_clearings
Lair:3:   cheibrodos_magma_flow, layout_regular_city,
          minmay_snake_entry_guardpost_small, dreamdust_gnoll_shepherd
Lair:4:   layout_roguey, nicolae_lair_lindhole
Lair:5:   hellmonk_lair_end_abyssal_woods, layout_small_grid, slime_entry_1,
          basic_altar, nicolae_lair_run_with_the_wolves, uniq_rupert
Snake:1:  layout_misc_corridors, gammafunk_ghost_arena
Snake:2:  layout_basic, nicolae_snake_double_loop, minmay_shop_grove
Snake:3:  layout_gridlike, serial_shops, shop, uniq_aizul
Snake:4:  snake_pit, layout_cave_town, lemuel_fruit_tree
Orc:1:    layout_diamond_mine, minmay_orc_temple_b
Orc:2:    grunt_orc_community_town_hall, layout_caves,
          grunt_orc_community_big_house_1, grunt_orc_community_big_house_1,
          grunt_orc_community_house_1, grunt_orc_community_house_1,
          grunt_orc_community_house_3, grunt_orc_community_house_1,
          grunt_orc_community_house_3, grunt_orc_community_house_2,
          minmay_orc_temple_a, uniq_sonja, uniq_josephine
Elf:1:    layout_geoelf_octagon, serial_corexii_hall, corexii_hall_statues_l,
          chequers_hall_statues_wall_a, hangedman_elf_disciples, drop_trap

Skill      XL: |  1  2  3  4  5  6  7  8  9 10 11 12 13 14 15 16 17 |
---------------+----------------------------------------------------+-----
Stealth        | 2 3 4 5 6 7 8 9 10 | 10.4
Dodging        | 2 3 4 5 6 7 8 9 10 11 12 | 12.8
Fighting       | 1 2 3 4 5 6 8 9 10 11 12 13 | 13.5
Spellcasting   | 3 4 5 6 7 8 9 10 11 12 | 12.9
Conjurations   | 5 6 7 8 9 10 11 12 | 12.7
Poison Magic   | 1 3 4 5 7 8 9 |  9.4
Ice Magic      | 1 3 4 5 |  5.8
Axes           | 1 3 4 |  4.2
Air Magic      | 1 3 4 5 |  5.0
Hexes          | 2 5 |  5.0
Transmutations | 1 4 5 |  5.0
Maces & Flails | 2 4 6 |  6.0
Translocations | 2 |  2.3

Action                   |  1- 3 |  4- 6 |  7- 9 | 10-12 | 13-15 | 16-18 || total
-------------------------+-------+-------+-------+-------+-------+-------++-------
Melee: Unarmed           |    35 |       |       |       |       |       ||    35
       Punch             |     1 |       |       |     6 |       |       ||     7
       Dagger            |     1 |     1 |    24 |   243 |   542 |    50 ||   861
       Mace              |       |       |       |     5 |    15 |       ||    20
       Kick              |       |       |       |    33 |   369 |   111 ||   513
       War axe           |       |       |       |       |    13 |       ||    13
       Spear             |       |       |       |       |     7 |       ||     7
       Flail             |       |       |       |       |   223 |   201 ||   424
       Scimitar          |       |       |       |       |    24 |       ||    24
 Fire: Arbalest          |       |       |     4 |       |       |       ||     4
Throw: Boomerang         |       |       |       |     2 |       |       ||     2
       Dart              |       |       |       |       |       |     2 ||     2
 Cast: Magic Dart        |    57 |    32 |    56 |    48 |   151 |    14 ||   358
       Searing Ray       |    18 |    23 |    81 |   130 |   156 |    66 ||   474
       Iskenderun's Myst |       |       |     3 |    53 |   116 |    74 ||   246
       Mephitic Cloud    |       |       |     1 |    31 |    68 |    11 ||   111
       Ignite Poison     |       |       |     1 |    19 |    62 |     8 ||    90
       Dazzling Flash    |       |       |       |     7 |     1 |     8 ||    16
       Freezing Cloud    |       |       |       |       |     1 |    26 ||    27
       Olgreb's Toxic Ra |       |       |       |       |     1 |     2 ||     3
       Swiftness         |       |       |       |       |     1 |     1 ||     2
       Yara's Violent Un |       |       |       |       |       |    15 ||    15
Invok: Call Merchant     |       |       |       |       |     1 |       ||     1
       Potion Petition   |       |       |       |       |     1 |     2 ||     3
Evoke: Wand              |       |     1 |       |    12 |    14 |     2 ||    29
       Lightning rod     |       |       |       |       |     4 |       ||     4
  Use: Potion            |     1 |       |       |     3 |     5 |     5 ||    14
       Scroll            |     3 |     2 |     3 |    13 |    22 |     4 ||    47
 Stab: Sleeping          |       |     1 |    11 |     9 |    18 |     4 ||    43
       Confused          |       |       |       |     3 |     8 |     2 ||    13
       Distracted        |       |       |       |     1 |    11 |     3 ||    15
       Petrified         |       |       |       |       |     6 |       ||     6
       Invisible         |       |       |       |       |       |     2 ||     2
Armor: Robe              |    12 |     6 |    30 |   153 |   256 |    95 ||   552
Dodge: Dodged            |    38 |    15 |    53 |   403 |   797 |   290 ||  1596
Block: Buckler           |       |       |       |    28 |   257 |   115 ||   400
       Reflection        |       |       |       |       |    15 |    16 ||    31
